 Dungeon Crawl Stone Soup version 0.30-a0-715-gdb4ae3ece1 (webtiles) character file.

Game seed: 15405310324001588819

21 MackTheKnife the Ducker (level 3, 0/28 HPs)
             Began as a Meteoran Wanderer on Jan 23, 2023.
             Slain by a worm (1 damage)
             ... on level 2 of the Dungeon.
             The game lasted 00:02:02 (463 turns).

MackTheKnife the Ducker (Meteoran Wanderer)          Turns: 463, Time: 00:02:02

Health: 0/28       AC:  4    Str: 12    XL:     3   Next: 20%
Magic:  4/4        EV: 13    Int: 12    God:
Gold:   73         SH:  0    Dex: 18    Spells: 2/2 levels left

rFire   . . .      SeeInvis .    a - +0 dagger {short}
rCold   . . .      Faith    .    (no shield)
rNeg    . . .      Spirit   .    g - +0 leather armour
rPois   .          Reflect  .    e - +0 helmet
rElec   .          Harm     .    (no cloak)
rCorr   .          Rampage  .    (no gloves)
Will    .....                    (no boots)
Stlth   +                        (no amulet)
HPRegen 0.24/turn                (no ring)
MPRegen 0.09/turn                (no ring)

@: glowing
A: sense surroundings 1, otherworldly, glowing, explore regen
a: no special abilities


You were on level 2 of the Dungeon.
You visited 1 branch of the dungeon, and saw 2 of its levels.

You collected 73 gold pieces.


Innate Abilities, Weirdness & Mutations

You passively map a small area around you.
You are easily found by Zot.
You glow in the dark.
You regain HP and MP as you explore.


   Skills:
 - Level 1.3 Fighting
 + Level 2.5 Short Blades
 - Level 1.2 Polearms
 - Level 3.6 Dodging
 - Level 2.1 Stealth
 - Level 1.2 Invocations
 - Level 1.2 Evocations


You had 2 spell levels left.
You didn't know any spells.
Your spell library was empty.

Inventory:

Hand Weapons
 a - a +0 dagger (weapon) {short}
 d - a +0 spear {polearm}
Missiles
 b - an atropa-tipped dart (quivered) {throwing}
 q - a throwing net {=f!fthrowing}
Armour
 e - a +0 helmet (worn)
 g - a +0 leather armour (worn)
 h - a +0 kite shield
   (You found it on level 1 of the Dungeon)
 i - a +0 leather armour
   (You found it on level 1 of the Dungeon)
 k - a +0 chain mail
   (You found it on level 1 of the Dungeon)
 p - a +0 leather armour
   (You found it on level 2 of the Dungeon)
 r - a +0 ring mail
   (You found it on level 2 of the Dungeon)
Scrolls
 l - a scroll of poison {unknown}
 m - a scroll of vulnerability {unknown}
 o - a scroll of torment {unknown}
Potions
 f - a potion of attraction {!q}
 j - a potion of mutation {unknown}
 n - 2 potions of lignification {unknown}

Dungeon Overview and Level Annotations

Branches:
Dungeon (2/15) Zot: 746

Altars:

Shops:
D:1

[:!
########........ *
#..............# ,
#.#########.(#.., *
#.# #.# # ,,## ,
#.# #.# ,,.. , ,
##.# #.# ,., * *
##..# #####.# .#*,
, ##..##
#...#.#####.# ,
#..##
##.#...@w(...##.##
* #)##
##..#######...>...#
* ..# ##..##
#......[.. ###
##..## *#.#....<..
#######..## ..
.....#. ........##
#.# #....#
######### *.. ....#
# #.#* ....# , #.
..!.# *


You could see a neutral worm (fast, strong, insane).


Message History

😕 HP[-3]
You take 3 damage, and now have 25/28 hp.
You hit the hobgoblin. The hobgoblin hits you. 😕 HP[-3]
You take 3 damage, and now have 22/28 hp.
You barely miss the hobgoblin. You hit the hobgoblin.
You kill the hobgoblin! 😕 HP[+1]
The kobold hits you but does no damage.
You hit the kobold. The kobold hits you but does no damage.
You miss the kobold.
The kobold hits you with a +0 dagger. 😮 HP[-2]
You take 2 damage, and now have 21/28 hp.
You closely miss the kobold. The kobold hits you but does no damage.
You barely miss the kobold. The kobold hits you with a +0 dagger.
You barely miss the kobold.
The kobold hits you with a +0 dagger. 😮 HP[-1]
You take 1 damage, and now have 20/28 hp.
You hit the kobold but do no damage. The kobold closely misses you.
You closely miss the kobold. You barely miss the kobold.
The kobold hits you with a +0 dagger.
You miss the kobold. The kobold closely misses you.
You hit the kobold.
You kill the kobold!
Things that are here:
a +0 dagger {short}; 3 stones {throwing} You see here a throwing net {=f!fthrowing}. 😮 HP[+1]
q - a throwing net {=f!fthrowing} 😕 HP[+1]
You see here a +0 whip {mace}.
You now have 73 gold pieces (gained 11). 😕 HP[+1] 😕 HP[+1] 😕 HP[+2]
You regained 2 hp, and now have 26/28 hp. 😕 HP[+1] 😎 HP[+1]
Your hp is fully restored (28).
A frilled lizard comes into view.
The frilled lizard hisses angrily.
Found a stone staircase leading down.
A worm comes into view.
You see here a +0 ring mail.
r - a +0 ring mail The frilled lizard misses you.
You hit the frilled lizard.
You kill the frilled lizard!
Found a robe.
Found a stone staircase leading up.
You hit the worm. You hit the worm. The worm closely misses you.
You hit the worm. You hit the worm but do no damage.
The worm completely misses you.
You hit the worm but do no damage. You hit the worm.
The worm bites you. 😕 HP[-4]
You take 4 damage, and now have 24/28 hp.
You hit the worm. You barely miss the worm. The worm closely misses you.
You hit the worm but do no damage. You barely miss the worm.
The worm barely misses you.
You hit the worm but do no damage. The worm bites you! 😮 HP[-6]
You take 6 damage, and now have 18/28 hp.
MASSIVE DAMAGE!! (PAUSE)
You hit the worm. You hit the worm. The worm bites you!
* * * LOW HITPOINT WARNING * * *
😨 HP[-8]
You take 8 damage, and now have 10/28 hp.
MASSIVE DAMAGE!! (PAUSE)
You hit the worm. You hit the worm but do no damage.
The worm closely misses you. 😨 HP[+1]
You hit the worm. You hit the worm but do no damage. The worm bites you!
* * * LOW HITPOINT WARNING * * *
😱 HP[-8]
You take 8 damage, and now have 3/28 hp.
MASSIVE DAMAGE!! (PAUSE) 😱 HP[+1] Throw: dart (datura) {throwing}
Press: ? - help, Q - select action, (/) - cycle Shift-Dir - straight line, f - worm
Aim: a worm (severely wounded, 79% to hit, chance to frenzy on hit: 61%)
You throw a datura-tipped dart {throwing}.
The datura-tipped dart {throwing} hits the worm.
The worm flies into a frenzy!
You hit the worm. You hit the worm. The worm barely misses you.
You hit the worm but do no damage. The worm misses you. 😱 HP[+1]
You hit the worm but do no damage. The worm closely misses you.
You hit the worm. The worm bites you.
* * * LOW HITPOINT WARNING * * *
😱 HP[-4]
You take 4 damage, and now have 1/28 hp.
You hit the worm but do no damage. You hit the worm. The worm bites you.
You die...

Skill      XL: |  1  2 |
---------------+-------+-----
Short Blades   | 1 2 |  2.5
Fighting       | |  1.3
Polearms       | |  1.2
Dodging        | |  3.6
Stealth        | |  2.1
Invocations    | |  1.2
Evocations     | |  1.2

Action                     || total
---------------------------++-------
  Melee: Dagger            ||   131
         Punch             ||     1
  Throw: Dart              ||     1
 Armour: Leather armour    ||    19
  Dodge: Dodged            ||    68

Levels and vault maps discovered:
D:1:      amcnicky_arrival_feature_with_door, layout_basic, serial_shops,
          nicolae_diamond_shop, shop, nicolae_shop_hallway_plus
D:2:      layout_rooms, shapermc_ecumenical_altar_pompeii

Notes
Turn   | Place    | Note
-------+----------+-------------------------------------------
     0 | D:1      | MackTheKnife the Meteoran Wanderer began the quest for the
                  | Orb.
     0 | D:1      | MackTheKnife set off with the following items: a +0 dagger
                  | {short}, an atropa-tipped dart {throwing}, a datura-tipped
                  | dart {throwing}, a +0 spear {polearm}, a +0 helmet, a
                  | potion of attraction {!q}, a +0 leather armour.
     0 | D:1      | Reached XP level 1. HP: 16/16 MP: 2/2
     0 | D:1      | magus.rc [v1.9.6]
    65 | D:1      | Reached skill level 1 in Short Blades
    65 | D:1      | Reached XP level 2. HP: 14/23 MP: 3/3
    98 | D:1      | Found Repohetino's Book Shop.
   153 | D:1      | Found Mugenis's Armour Shoppe.
   173 | D:1      | Found Koyvvar's Distillery.
   221 | D:1      | Reached skill level 2 in Short Blades
   289 | D:1      | Reached XP level 3. HP: 23/28 MP: 4/4
   452 | D:2      | HP: 3/28 [worm (8)]
   461 | D:2      | HP: 1/28 [worm (4)]
   463 | D:2      | Slain by a worm

Vanquished Creatures
  An endoplasm (D:1)
  2 giant cockroaches (D:1)
  2 goblins (D:1)
  3 hobgoblins
  2 jackals (D:1)
  4 kobolds
  A quokka (D:1)
  A frilled lizard (D:2)
  A rat (D:1)
17 creatures vanquished.

Table legend:
 A = Non-vault XP
 B = Vault XP
 C = Vault XP percentage of total XP
 D = Non-vault monster count
 E = Vault monster count
 F = Vault count percentage of total count
                 A         B        C        D         E       F
            +---------+---------+-------+---------+---------+-------
      Total |      31 |       0 |   0.0 |      17 |       0 |   0.0
            +---------+---------+-------+---------+---------+-------
        D:1 |      25 |       0 |   0.0 |      13 |       0 |   0.0
        D:2 |       6 |       0 |   0.0 |       4 |       0 |   0.0
            +---------+---------+-------+---------+---------+-------

Illustrated notes

Table legend:
 A = Kills in this place as a percentage of kills in entire the game.
 B = Kills by you in this place as a percentage of kills by you in the entire game.
 C = Kills by friends in this place as a percentage of kills by friends in the entire game.
 D = Other kills in this place as a percentage of other kills in the entire game.
 E = Experience gained in this place as a percentage of experience gained in the entire game.
 F = Experience gained in this place divided by the number of levels of this place that you have seen.
                   A       B       C       D       E      F
               +-------+-------+-------+-------+-------+----------------------
         Total | 100.0 | 100.0 |   N/A |   N/A | 100.0 |  15.5
       Dungeon | 100.0 | 100.0 |   N/A |   N/A | 100.0 |  15.5
               +-------+-------+-------+-------+-------+----------------------

Table legend: (Time is in decaauts)
 A = Elapsed time spent in this place.
 B = Non-inter-level travel time spent in this place.
 C = Inter-level travel time spent in this place.
 D = Time resting spent in this place.
 E = Time spent auto-exploring this place.
 F = Levels seen in this place.
 G = Mean time per level.
                   A        B        C        D        E       F      G
               +--------+--------+--------+--------+--------+-----+--------+
         Total |    452 |    452 |      0 |      0 |    156 |   2 |  226.0 |
       Dungeon |    452 |    452 |      0 |      0 |    156 |   2 |  226.0 |
               +--------+--------+--------+--------+--------+-----+--------+

Top non-repeatable levels by time:
     D:1: 324 daAuts
     D:2: 128 daAuts
